 Dungeon Crawl Stone Soup version 0.23.2-1-ga50397a6bc (webtiles) character file.

Game seed: 15957322076697179925

2482 McKennaii the Cudgeler (level 9, -2/54 HPs)
             Began as a Gargoyle Fighter on May 6, 2019.
             Was a Follower of Cheibriados.
             Slain by a two-headed ogre
             ... wielding a +0 giant club
              (12 damage)
             ... on level 8 of the Dungeon.
             The game lasted 00:15:46 (7821 turns).

McKennaii the Cudgeler (Gargoyle Fighter)           Turns: 7821, Time: 00:15:47

Health: -2/54      AC: 22    Str: 25    XL:     9   Next: 52%
Magic:  9/9        EV:  6    Int: 11    God:    Cheibriados [*.....]
Gold:   475        SH: 11    Dex: 13    Spells: 8/8 levels left

rFire    + + .     SeeInvis .   B - +1 whip (elec)
rCold    . . .     Gourm    .   c - +0 shield
rNeg     + . .     Faith    .   r - +2 plate armour {rF+}
rPois    ∞         Spirit   .   s - +0 helmet
rElec    +         Reflect  .   (no cloak)
rCorr    .         Harm     .   (no gloves)
MR       .....                  (no boots)
Stlth    ..........             (no amulet)
HPRegen  0.18/turn              z - +2 ring of dexterity
MPRegen  0.11/turn              x - ring of protection from fire

@: very slow
A: negative energy resistance 1, electricity resistance, unbreathing,
petrification resistance, rot immunity, AC +6
a: Bend Time, Renounce Religion


You were on level 8 of the Dungeon.
You worshipped Cheibriados.
Cheibriados was aware of your devotion.
You were not hungry.

You visited 2 branches of the dungeon, and saw 9 of its levels.

You collected 475 gold pieces.

Inventory:

Hand Weapons
 B - a +1 whip of electrocution (weapon)
Armour
 c - a +0 shield (worn)
 r - a +2 plate armour of fire resistance (worn)
 s - a +0 helmet (worn)
Jewellery
 p - an uncursed ring of flight
 x - a ring of protection from fire (right hand)
 z - a +2 ring of dexterity (left hand)
Scrolls
 a - a scroll of noise {unknown}
 b - 2 scrolls of remove curse {unknown}
 g - 6 scrolls of identify
 h - 7 scrolls of amnesia {unknown}
 j - 2 scrolls of immolation {unknown}
 k - 4 scrolls of teleportation
 l - 2 scrolls of blinking {unknown}
 t - 2 scrolls of fear {unknown}
 y - a scroll of enchant armour {unknown}
 A - a scroll of fog {unknown}
Potions
 d - 2 potions of might
 e - 6 potions of curing
 i - a potion of cancellation {unknown}
 n - a potion of magic {unknown}
 o - a potion of invisibility {unknown}
 q - 2 potions of brilliance {unknown}
 u - a potion of lignification {unknown}
 v - a potion of degeneration {unknown}
 w - 2 potions of mutation {unknown}
Comestibles
 f - 19 rations


   Skills:
 + Level 5.5 Fighting
 + Level 7.7 Maces & Flails
 + Level 6.6 Armour
 + Level 2.0 Dodging
 + Level 3.4 Stealth
 + Level 7.5 Shields
 + Level 0.5 Evocations


You had 8 spell levels left.
You didn't know any spells.
Your spell library contained the following spells:

 Spells                   Type           Power        Failure   Level  Hunger
 Magic Dart               Conj           #...         100%        1    ##.....
 Sting                    Conj/Pois      #...         100%        1    ##.....
 Blink                    Tloc           N/A          100%        2    ###....
 Call Imp                 Summ           #.......     100%        2    ###....
 Slow                     Hex            #.......     100%        2    ###....
 Conjure Flame            Conj/Fire      #.......     100%        3    ####...
 Mephitic Cloud           Conj/Pois/Air  #.......     100%        3    ####...
 Spider Form              Tmut/Pois      #.........   100%        3    ####...
 Malign Gateway           Summ/Tloc      #.........   100%        7    #######
 Controlled Blink         Tloc           N/A          100%        8    #######


Dungeon Overview and Level Annotations

Branches:
Dungeon (8/15)             Temple (1/1) D:7
   Lair: D:8-11

Altars:
Ashenzari
Cheibriados
Dithmenos
Elyvilon
Fedhas
Gozag
Hepliaklqana
Kikubaaqudgha
Makhleb
Nemelex Xobeh
Okawaru
Qazlal
Ru
Sif Muna
Trog
Uskayaw
Vehumet
Wu Jian
Xom
Yredelemnul
Zin
The Shining One

Annotations:
D:5 1 runed translucent door, Prince Ribbit


Innate Abilities, Weirdness & Mutations

You are resistant to torment.
Your stone body is resilient. (AC +6)
You are immune to poison.
You resist negative energy. (rN+)
You are resistant to electric shocks. (rElec)
You can survive without breathing.
You are immune to petrification.
You are immune to rotting.


Message History

The two-headed ogre barely misses you.
The two-headed ogre hits you but does no damage.
You hit the two-headed ogre but do no damage.
The two-headed ogre is heavily wounded.
You hit the two-headed ogre but do no damage.
Lightning courses through the two-headed ogre!
The two-headed ogre is severely wounded.
The two-headed ogre completely misses you.
The two-headed ogre hits you with a +0 giant club.
Your plate armour prevents you from hitting the two-headed ogre.
The two-headed ogre is severely wounded.
You barely miss the two-headed ogre.
The two-headed ogre is severely wounded.
The two-headed ogre hits you with a +0 giant club!
* * * LOW HITPOINT WARNING * * *
The two-headed ogre hits you but does no damage.
You hit the two-headed ogre.
The two-headed ogre is severely wounded.
The two-headed ogre hits you with a +0 giant club!
You die...

# #####......O. ###.
..##...)#.. ...###
#.##....#.## ###..#.
#.###...#..#
.......##......./.#
....##..........#.#
........#....##.####.#
.#.....O#######......#
......#.@.†..#########
#######..###)#
.....###.# ####...†.<#
########


You could see a two-headed ogre.

Vanquished Creatures
  Harold (D:7)
  A hippogriff (D:8)
  The ghost of NochnoyZador the Insei, an amateur DsGl (D:4)
  Menkaure (D:7)
  An ice beast (D:7)
  An orc warrior (D:7)
  A sky beast (D:5)
  3 centaurs
  2 bullfrogs
  A scorpion (D:6)
  A crimson imp (D:6)
  A bullfrog zombie (D:8)
  2 quasits (D:4)
  2 hounds
  2 bullfrog skeletons
  A jelly (D:6)
  2 orc wizards
  3 worker ants
  2 worker ant zombies
  Robin (D:4)
  4 gnolls
  9 adders
  2 adder skeletons
  3 worms
  A dart slug (D:4)
  5 leopard geckos
  5 orcs
  2 ball pythons
  5 bats
  2 giant cockroaches
  14 goblins
  9 hobgoblins
  5 jackals
  3 quokkas
  5 frilled lizards
  5 kobolds
  A quokka skeleton (D:4)
  9 rats
119 creatures vanquished.

Notes
Turn   | Place    | Note
-------+----------+-------------------------------------------
     0 | D:1      | McKennaii the Gargoyle Fighter began the quest for the Orb.
     0 | D:1      | Reached XP level 1. HP: 14/14 MP: 1/1
    78 | D:1      | Reached XP level 2. HP: 8/19 MP: 2/2
   622 | D:1      | Reached XP level 3. HP: 19/23 MP: 3/3
  1260 | D:2      | Reached XP level 4. HP: 13/28 MP: 4/4
  2307 | D:3      | Found a hazy altar of Hepliaklqana.
  2433 | D:4      | Noticed Robin
  2445 | D:4      | Reached XP level 5. HP: 29/32 MP: 5/5
  2449 | D:4      | Killed Robin
  2621 | D:4      | Found a transporter.
  2621 | D:4      | Noticed NochnoyZador's ghost (amateur DsGl)
  2744 | D:4      | Found a transporter.
  3048 | D:4      | Reached skill level 1 in Dodging
  3048 | D:4      | Reached XP level 6. HP: 36/38 MP: 6/6
  3342 | D:5      | Entered Level 5 of the Dungeon
  3387 | D:5      | Noticed a sky beast
  3405 | D:5      | Killed a sky beast
  4424 | D:5      | Noticed Prince Ribbit
  4574 | D:5      | Found a runed translucent door.
  5017 | D:5      | Noticed an orc warrior
  5089 | D:5      | Found a glowing silver altar of Zin.
  5090 | D:5      | Noticed an angel
  5263 | D:6      | Reached skill level 5 in Armour
  5263 | D:6      | Reached skill level 5 in Shields
  5284 | D:6      | Reached XP level 7. HP: 43/43 MP: 7/7
  6083 | D:4      | Killed NochnoyZador's ghost
  6405 | D:7      | Reached XP level 8. HP: 48/48 MP: 8/8
  6427 | D:7      | Found a staircase to the Ecumenical Temple.
  6445 | Temple   | Entered the Ecumenical Temple
  6504 | Temple   | Became a worshipper of Cheibriados the Contemplative
  6711 | D:7      | Noticed Menkaure
  6718 | D:7      | Killed Menkaure
  6718 | D:7      | Reached skill level 5 in Maces & Flails
  6799 | D:7      | Noticed Harold
  6823 | D:7      | Killed Harold
  6823 | D:7      | Reached skill level 5 in Fighting
  6823 | D:7      | Reached XP level 9. HP: 24/54 MP: 9/9
  6833 | D:7      | Identified the Papyrus of Poisoning and Orientation
  7148 | D:7      | Found an opulent altar of Gozag.
  7290 | D:7      | Found a bloodstained altar of Trog.
  7293 | D:7      | Found a shadowy altar of Dithmenos.
  7747 | D:8      | Reached * piety under Cheibriados
  7793 | D:8      | Noticed a two-headed ogre
  7821 | D:8      | Slain by a two-headed ogre

Skill      XL: |  1  2  3  4  5  6  7  8  9 |
---------------+----------------------------+-----
Armour         | 4 5 6 |  6.6
Shields        | 4 5 7 |  7.5
Maces & Flails | 3 4 6 7 |  7.7
Dodging        | 1 2 |  2.0
Fighting       | 4 5 |  5.5
Stealth        | 2 3 |  3.4
Evocations     | |  0.5

Action                   |  1- 3 |  4- 6 |  7- 9 || total
-------------------------+-------+-------+-------++-------
Melee: Flail             |   140 |    10 |       ||   150
       Whip              |       |   350 |   265 ||   615
Evoke: Wand              |       |     1 |     2 ||     3
  Use: Potion            |       |     4 |     2 ||     6
       Scroll            |       |     2 |       ||     2
 Stab: Paralysed         |       |       |     4 ||     4
  Eat: Chunk             |     1 |     6 |     4 ||    11
       Ration            |       |     2 |     2 ||     4
Armor: Scale mail        |    86 |     3 |       ||    89
       Plate armour      |       |   217 |   239 ||   456
       Chain mail        |       |    24 |       ||    24
Dodge: Dodged            |    44 |    69 |    94 ||   207
Block: Shield            |    78 |   172 |   188 ||   438
